 Zot Defence DCSS version 0.15.2 (webtiles) character file.

9111360 namelastname112 the Heavyweight Champion (level 27, 220/220 (320) HPs)
             Began as a Troll Monk on May 21, 2016.
             Was the Champion of Yredelemnul.
             Escaped with the Orb
             ... and 15 runes!
             The game lasted 02:44:19 (18405 turns).

namelastname112 the Heavyweight Champion (TrMo)    Turns: 18405, Time: 02:44:19

HP 220/220 (320) AC 24     Str 32 (36) XL: 27
MP  41/41        EV 21     Int  5 (6)  God: Yredelemnul [******]
Gold 2310        SH 27     Dex 12      Spells:  1 memorised, 29 levels left

rFire  + + .     SeeInvis .       - Unarmed
rCold  . . .     Clarity  .     o - +5 mottled dragon armour of Demons {+Fly rN+ MR+}
rNeg   + + .     rCorr    .     k - +2 large shield {AC+3} (curse)
rPois  .         rRot     .     i - +2 hat (curse)
rElec  .         Spirit   .     l - +4 dragonskin cloak
SustAb .         Warding  .     (gloves unavailable)
rMut   .         NoTele   +     (boots unavailable)
Gourm  +                        (no amulet)
MR     +++..                    j - ring of Vitality {HP+15 Regen}
                                a - cursed ring of Cagadghyq {+Inv rF+ Curse}

@: very slightly contaminated, drained, extremely resistant to hostile
enchantments, very unstealthy
A: unfitting armour, claws 3, fast metabolism 3, gourmand, regeneration 2,
saprovore 2, shaggy fur 1, tough skin 2, forlorn
a: Make oklob sapling, Make arrow trap, Make plant, Remove Curse, Make burning
bush, Make altar, Make grenades, Make oklob plant, Make net trap, Make ice
statue, Make spear trap, Make alarm trap, Make mushroom circle, Make bolt trap,
Make crystal statue, Make needle trap, Make water, Make lightning spire, Make
silver statue, Make bazaar, Acquire gold, Make oklob circle, Acquirement, Make
blade trap, Make curse skull, Animate Dead, Recall Undead Slaves, Injury Mirror,
Drain Life, Enslave Soul, Renounce Religion, Evoke Invisibility, Evoke Flight
0: Orb of Zot
}: 15/15 runes: serpentine, barnacled, slimy, elven, silver, golden, iron,
obsidian, icy, bone, abyssal, demonic, magical, fiery, gossamer


You were in the Realm of Zot.
You worshipped Yredelemnul.
Yredelemnul was exalted by your worship.
You were not hungry.

You visited 1 branchYou visited 20 bazaars.

You collected 5960 gold pieces.
You spent 3650 gold pieces at shops.

Inventory:

Hand weapons
 n - the +4 Staff of Dispater
   (You took it off Dispater in the Realm of Zot)
Armour
 i - a cursed +2 hat (worn)
 k - a cursed +2 large shield of protection (worn)
 l - the +4 dragonskin cloak (worn)
   (You took it off Tiamat in the Realm of Zot)
 o - the cursed +5 mottled dragon armour of Demons (worn) {+Fly rN+ MR+}
   (You bought it in a shop in a bazaar)

   It protects you from negative energy.
   It affects your resistance to hostile enchantments.
   It lets you fly.
   It has a curse placed upon it.
 r - a +0 pearl dragon armour
Magical devices
 d - a wand of frost (13)
 h - a wand of heal wounds (0)
 q - a wand of frost (13)
Comestibles
 c - 2 meat rations
Scrolls
 b - a scroll of identify
Jewellery
 a - the cursed ring of Cagadghyq (left claw) {+Inv rF+ Curse}
   (You acquired it in a bazaar)

   [ring of protection from fire]

   It protects you from fire.
   It lets you turn invisible.
   It may recurse itself when equipped.
   It has a curse placed upon it.
 j - the ring of Vitality (right claw) {HP+15 Regen}
   (You bought it in a shop in a bazaar)

   [ring of regeneration]

   It affects your health (+15).
   It increases your rate of regeneration.
Potions
 e - a potion of haste
 f - 2 potions of magic
 g - a potion of berserk rage
Books
 m - the Tome of Earthen Transformation
   (You bought it in a shop in a bazaar)

   Spells                             Type                      Level
   Stoneskin                          Transmutation/Earth          2
   Sticks to Snakes                   Transmutation                2
   Petrify                            Transmutation/Earth          4
   Ignite Poison                      Fire/Transmutation           5
   *Statue Form                       Transmutation/Earth          6
Miscellaneous
 p - a stone of tremors


   Skills:
 + Level 23.3(23.0) Fighting
 + Level 23.6(23.3) Dodging
 - Level 1.1(0.9) Stealth
 + Level 20.5(20.2) Shields
 O Level 27(26.6) Unarmed Combat
 - Level 4.7(4.5) Spellcasting
 - Level 6.0(5.8) Transmutations
 - Level 7.5(7.3) Earth Magic
 + Level 23.4(23.1) Invocations


You had 29 spell levels left.
You knew the following spells:

 Your Spells              Type           Power        Failure   Level  Hunger
a - Statue Form           Trmt/Erth      #........    100%        6    #######


Dungeon Overview and Level Annotations

Branches:
    Zot (1/1)

Altars:
Yredelemnul


Innate Abilities, Weirdness & Mutations

You are too large for most types of armour.
You have claws for hands.
Your metabolism is lightning-fast.
You like to eat raw meat.
You heal very quickly.
You can eat rotten meat.
You are covered in fur (AC +1).
You have very tough skin (AC +2).
You have difficulty communicating with the divine.


Message History

Things that are here:
a cursed +1 cloak of darkness; a flail of holy wrath
Items here: ( )) [ a buckler; a spear; an arrow; a trident You sense that a powerful threat has arrived.
Items here: ( )))) /
Items here: )))))) [[[ A flying skull comes into view.
There is a staircase leading out of the dungeon, spattered with blood here.
You see here a dire flail.
You swap places.
The flying skull hits your oklob plant but does no damage.
The flying skull hits your oklob plant!
A flying skull comes into view.
There is a staircase leading out of the dungeon, spattered with blood here.
You see here a dire flail.
You can't go down here!
The flying skull hits your oklob plant. Something hits your oklob plant.
The flying skull hits your oklob plant!
You have escaped!

### ##)## ## ##z%)## ## .###
###§V@5)### ###. Z..###
###P[[33D)P8### ###...
..≈≈)#####P8P.)Z§Z)PPP8#####Z≈...
Z.≈)Z))##zPPP)Z)Z/))zPPz#≈≈(Z≈[.)
Z.≈###Z))PPZ.[)[).[.[)zz%(≈###Z).
ZZ#Z###ZPPP)≈[.[)....≈.)((## ##ZZ
##### #)z)))).[.)[.[.≈)≈))# ###
#PP))Z.Z))(..)[≈[≈[P#
#8P[)≈..))([.(..≈PP8#


You could see 4 flying skulls, a friendly bone dragon, 2 friendly orange crystal
statues, a friendly silver statue, a friendly curse skull, a friendly death cob,
a friendly jiangshi, a friendly soul eater, 15 friendly oklob plants, a friendly
sun demon, a friendly flying skull, a friendly iron imp, a friendly minotaur
zombie, a friendly deep troll zombie, a friendly ettin zombie, a friendly
draconian zombie and a friendly titan skeleton.

Vanquished Creatures
  5 ancient liches (Zot)
  Boris (twice) (Zot)
  3 azure jellies (Zot)
  Margery (Zot)
  An electric golem (Zot)
  A golden dragon (Zot)
  A Brimstone Fiend (Zot)
  Frederick (Zot)
  2 bone dragons (Zot)
  2 Hell Sentinels (Zot)
  A hellephant (Zot)
  7 tentacled monstrosities (Zot)
  A Cloud Mage (Zot)
  A Shadow Fiend (Zot)
  4 liches (Zot)
  8 storm dragons (Zot)
  Rupert (Zot)
  12 tengu reavers (Zot)
  2 sphinxes (Zot)
  4 ancient champions (Zot)
  A draconian monk (Zot)
  15 shadow dragons (Zot)
  8 fire giants (Zot)
  6 revenants (Zot)
  15 frost giants (Zot)
  Wiglaf (Zot)
  3 ghouls (Zot)
  A balrug (Zot)
  2 draconian scorchers (Zot)
  2 deep elf sorcerers (Zot)
  7 iron dragons (Zot)
  2 cacodemons (Zot)
  A draconian zealot (Zot)
  2 draconian knights (Zot)
  3 war gargoyles (Zot)
  2 spriggan defenders (Zot)
  2 reapers (Zot)
  A draconian annihilator (Zot)
  2 deep elf demonologists (Zot)
  An ophan (Zot)
  3 stone giants (Zot)
  12 very ugly things (Zot)
  A vampire knight (Zot)
  A red draconian (Zot)
  3 white draconians (Zot)
  3 grey draconians (Zot)
  5 mottled draconians (Zot)
  A purple draconian (Zot)
  3 pale draconians (Zot)
  A deep elf annihilator (Zot)
  A black draconian (Zot)
  2 blizzard demons (Zot)
  16 ettins (Zot)
  A deep elf death mage (Zot)
  3 mummy priests (Zot)
  An eidolon (Zot)
  2 fire dragons (Zot)
  A merfolk impaler (Zot)
  2 deep elf high priests (Zot)
  A great orb of eyes (Zot)
  A yaktaur captain (Zot)
  A death cob (Zot)
  2 minotaurs (Zot)
  4 centaur warriors (Zot)
  3 ice dragons (Zot)
  A spriggan air mage (Zot)
  Nessos (Zot)
  26 deep troll earth magi (Zot)
  A ghost crab (Zot)
  An anaconda (shapeshifter) (Zot)
  9 deep troll shamans (Zot)
  An alligator snapping turtle (Zot)
  2 death yaks (Zot)
  A deep elf knight (Zot)
  3 tengu warriors (Zot)
  2 spriggan berserkers (Zot)
  4 hell hogs (Zot)
  2 hill giants (Zot)
  2 storm dragon zombies (Zot)
  A shock serpent (shapeshifter) (Zot)
  2 spriggans (Zot)
  A shadow wraith (Zot)
  3 iron trolls (Zot)
  15 hell knights (Zot)
  7 phantasmal warriors (Zot)
  A death drake (Zot)
  16 skeletal warriors (Zot)
  47 deep trolls (Zot)
  2 giant orange brains (Zot)
  A giant orange brain (shapeshifter) (Zot)
  A deep elf summoner (Zot)
  A flayed ghost (Zot)
  An unseen horror (Zot)
  A tengu zombie (Zot)
  7 necromancers (Zot)
  A wizard (Zot)
  Pikel (Zot)
  A swamp dragon (shapeshifter) (Zot)
  2 sphinx zombies (Zot)
  2 mana vipers (Zot)
  2 deep elf conjurers (Zot)
  A lindwurm (shapeshifter) (Zot)
  2 tengu conjurers (Zot)
  41 ugly things (Zot)
  4 wolf spiders (Zot)
  3 hellions (Zot)
  A red wasp (shapeshifter) (Zot)
  A shadow dragon skeleton (Zot)
  2 cyclopes (Zot)
  A hell hog zombie (Zot)
  A moth of wrath (shapeshifter) (Zot)
  A salamander (Zot)
  2 sphinx skeletons (Zot)
  A water nymph (shapeshifter) (Zot)
  A sixfirhy (Zot)
  A hell hog skeleton (Zot)
  A shining eye (Zot)
  3 deep elf priests (Zot)
  A frost giant skeleton (Zot)
  An eye of devastation (Zot)
  A mottled draconian zombie (Zot)
  4 gargoyles (Zot)
  A grey draconian zombie (Zot)
  A kobold demonologist (Zot)
  Psyche (Zot)
  An orange demon (Zot)
  A red draconian zombie (Zot)
  A komodo dragon (Zot)
  A yaktaur zombie (Zot)
  A pale draconian zombie (Zot)
  18 yaktaurs (Zot)
  A silent spectre (Zot)
  3 guardian mummies (Zot)
  A fire drake (Zot)
  2 freezing wraiths (Zot)
  4 polar bears (Zot)
  4 trolls (Zot)
  A raiju (shapeshifter) (Zot)
  A blue devil (Zot)
  6 merfolk (Zot)
  3 deep elf magi (Zot)
  A bog body (Zot)
  3 two-headed ogres (Zot)
  A boulder beetle (Zot)
  A trapdoor spider (Zot)
  An ettin zombie (Zot)
  5 ravens (Zot)
  A deep troll zombie (Zot)
  3 snapping turtles (Zot)
  9 slime creatures (Zot)
  12 flying skulls (Zot)
  2 water elementals (Zot)
  2 redbacks (Zot)
  2 spriggans (shapeshifter) (Zot)
  A yak (Zot)
  A shadow (Zot)
  A ynoxinul (Zot)
  An elf zombie (Zot)
  A vampire (Zot)
  A wyvern (shapeshifter) (Zot)
  2 hill giant zombies (Zot)
  2 wraiths (Zot)
  2 vampire mosquitoes (Zot)
  A hungry ghost (Zot)
  A fire elemental (Zot)
  A hippogriff (Zot)
  A necrophage (Zot)
  2 deep elf fighters (Zot)
  A catoblepas simulacrum (Zot)
  A soldier ant (shapeshifter) (Zot)
  Edmund (Zot)
  2 mottled dragons (Zot)
  A hell hound (Zot)
  Menkaure (Zot)
  5 human zombies (Zot)
  13 nagas (Zot)
  A phantom (Zot)
  A water moccasin (Zot)
  12 black bears (Zot)
  A sky beast (Zot)
  4 yellow wasps (Zot)
  2 orc warriors (Zot)
  2 ogres (Zot)
  A boggart (Zot)
  A manticore zombie (Zot)
  4 giant frogs (Zot)
  Duvessa (Zot)
  5 centaurs (Zot)
  2 eyes of draining (Zot)
  2 crocodiles (Zot)
  A cyclops zombie (Zot)
  A yaktaur skeleton (Zot)
  2 gnoll sergeants (Zot)
  A human simulacrum (Zot)
  A quasit (Zot)
  4 goliath beetles (Zot)
  A jelly (Zot)
  A wyvern simulacrum (Zot)
  4 orc priests (Zot)
  5 hounds (Zot)
  A cyclops simulacrum (Zot)
  2 gnoll shamans (Zot)
  2 orange rats (Zot)
  3 worker ants (Zot)
  3 orc wizards (Zot)
  A yellow wasp simulacrum (Zot)
  Ijyb (Zot)
  A mummy (Zot)
  6 adders (Zot)
  A gnoll (Zot)
  A sky beast simulacrum (Zot)
  2 green rats (Zot)
  A giant mite (Zot)
  A shadow imp (Zot)
  A worm (Zot)
  2 giant geckos (Zot)
  7 oozes (Zot)
  8 orcs (Zot)
  2 ball pythons (Zot)
  12 bats (Zot)
  5 giant cockroaches (Zot)
  6 goblins (Zot)
  4 hobgoblins (Zot)
  2 jackals (Zot)
  A quokka (Zot)
  3 giant newts (Zot)
  15 kobolds (Zot)
  8 rats (Zot)
  A crawling corpse (Zot)
758 creatures vanquished.

Vanquished Creatures (collateral kills)
  Gloorx Vloq (Zot)
  Dispater (Zot)
  Tiamat (twice) (Zot)
  Khufu (Zot)
  Mara (twice) (Zot)
  4 ancient liches (Zot)
  A greater mummy (Zot)
  2 seraphim (Zot)
  Saint Roka (Zot)
  Boris (twice) (Zot)
  A curse toe (Zot)
  the Lernaean hydra (Zot)
  Norris (Zot)
  5 azure jellies (Zot)
  2 golden dragons (Zot)
  4 acid blobs (Zot)
  Xtahua (Zot)
  Nikola (Zot)
  5 Brimstone Fiends (Zot)
  2 Hell Sentinels (Zot)
  10 tentacled monstrosities (Zot)
  6 liches (Zot)
  2 Ice Fiends (Zot)
  7 titans (Zot)
  6 quicksilver dragons (Zot)
  2 Cloud Mages (Zot)
  13 revenants (Zot)
  12 storm dragons (Zot)
  14 sphinxes (Zot)
  17 tengu reavers (Zot)
  4 Executioners (Zot)
  3 Shadow Fiends (Zot)
  A sphinx (shapeshifter) (Zot)
  39 shadow dragons (Zot)
  Frances (Zot)
  A thorn hunter (Zot)
  2 player illusions (Zot)
  21 frost giants (Zot)
  7 ancient champions (Zot)
  4 reapers (Zot)
  5 draconian monks (Zot)
  7 deep elf demonologists (Zot)
  28 fire giants (Zot)
  18 iron dragons (Zot)
  2 draconian knights (Zot)
  4 deep elf sorcerers (Zot)
  5 draconian scorchers (Zot)
  A vault warden (Zot)
  2 draconian zealots (Zot)
  4 balrugs (Zot)
  Gastronok (Zot)
  2 ghost moths (Zot)
  A cacodemon (Zot)
  7 ghouls (Zot)
  4 stone giants (Zot)
  3 draconian annihilators (Zot)
  9 spriggan defenders (Zot)
  5 draconian shifters (Zot)
  14 war gargoyles (Zot)
  3 draconian callers (Zot)
  39 ettins (Zot)
  3 green draconians (Zot)
  30 very ugly things (Zot)
  2 deep elf annihilators (Zot)
  7 pale draconians (Zot)
  A yellow draconian (Zot)
  2 grey draconians (Zot)
  Azrael (Zot)
  11 red draconians (Zot)
  4 mottled draconians (Zot)
  3 white draconians (Zot)
  3 purple draconians (Zot)
  A black draconian (shapeshifter) (Zot)
  6 vampire knights (Zot)
  A dire elephant (Zot)
  A yellow draconian (shapeshifter) (Zot)
  6 eidola (Zot)
  2 lorocyprocas (Zot)
  4 unborn (Zot)
  4 black draconians (Zot)
  3 minotaurs (Zot)
  2 very ugly thing zombies (Zot)
  5 green deaths (Zot)
  5 deep elf death magi (Zot)
  9 fire dragons (Zot)
  4 blizzard demons (Zot)
  5 mummy priests (Zot)
  7 great orbs of eyes (Zot)
  A merfolk impaler (Zot)
  9 yaktaur captains (Zot)
  10 deep elf high priests (Zot)
  4 rakshasas (Zot)
  6 jiangshi (Zot)
  2 minotaurs (shapeshifter) (Zot)
  8 death cobs (Zot)
  13 ice dragons (Zot)
  2 naga warriors (Zot)
  4 spriggan air magi (Zot)
  A hydra (shapeshifter) (Zot)
  A spectral tengu (Zot)
  A spectral sphinx (Zot)
  A small abomination (Zot)
  A siren (shapeshifter) (Zot)
  9 hydras (Zot)
  43 deep troll earth magi (Zot)
  2 death knights (Zot)
  A spectral frost giant (Zot)
  A merfolk aquamancer (Zot)
  6 centaur warriors (Zot)
  28 deep troll shamans (Zot)
  4 ogre magi (Zot)
  7 tengu warriors (Zot)
  13 hell hogs (Zot)
  A titan zombie (Zot)
  18 death yaks (Zot)
  Urug (Zot)
  13 flayed ghosts (Zot)
  9 spriggan berserkers (Zot)
  A shock serpent (Zot)
  2 deep elf summoners (Zot)
  4 soul eaters (Zot)
  11 sun demons (Zot)
  3 iron golems (Zot)
  2 storm dragon zombies (Zot)
  A spectral mottled draconian (Zot)
  A spectral yaktaur (Zot)
  5 deep elf conjurers (Zot)
  41 hell knights (Zot)
  Erolcha (Zot)
  4 iron trolls (Zot)
  9 shadow wraiths (Zot)
  46 skeletal warriors (Zot)
  A deep troll (shapeshifter) (Zot)
  3 ice devils (Zot)
  4 storm dragon skeletons (Zot)
  An orb spider (Zot)
  2 fire crabs (Zot)
  A shadow demon (Zot)
  2 death drakes (Zot)
  A sea snake (shapeshifter) (Zot)
  An unseen horror (shapeshifter) (Zot)
  5 giant orange brains (Zot)
  An iron dragon skeleton (Zot)
  122 deep trolls (Zot)
  An orc sorcerer (Zot)
  A naga ritualist (Zot)
  An ice statue (Zot)
  A wolf spider zombie (Zot)
  4 silver statues (Zot)
  A shadow dragon zombie (Zot)
  3 tengu zombies (Zot)
  5 black mambas (Zot)
  A glowing shapeshifter (Zot)
  A harpy (shapeshifter) (Zot)
  11 hill giants (Zot)
  An unseen horror (Zot)
  2 orc knights (Zot)
  5 wizards (Zot)
  20 oklob plants (Zot)
  2 eyes of devastation (shapeshifter) (Zot)
  19 necromancers (Zot)
  2 large abominations (Zot)
  2 mana vipers (Zot)
  An ugly thing zombie (Zot)
  7 wolf spiders (Zot)
  5 hellions (Zot)
  A stone giant zombie (Zot)
  7 moths of wrath (Zot)
  4 draconian zombies (Zot)
  3 frost giant zombies (Zot)
  A cyclops (shapeshifter) (Zot)
  A draconian (shapeshifter) (Zot)
  70 ugly things (Zot)
  5 manticores (Zot)
  4 tengu skeletons (Zot)
  A sphinx skeleton (Zot)
  A shadow dragon skeleton (Zot)
  2 water nymphs (shapeshifter) (Zot)
  A spectral ettin (Zot)
  A spectral deep troll (Zot)
  6 sixfirhies (Zot)
  3 fire giant zombies (Zot)
  3 red wasps (Zot)
  6 salamanders (Zot)
  7 griffons (Zot)
  2 moths of wrath (shapeshifter) (Zot)
  24 phantasmal warriors (Zot)
  3 fire giant skeletons (Zot)
  2 toenail golems (Zot)
  A mermaid (Zot)
  A frost giant skeleton (Zot)
  2 stone giant skeletons (Zot)
  A mermaid (shapeshifter) (Zot)
  5 cyclopes (Zot)
  3 spriggan zombies (Zot)
  2 fauns (shapeshifter) (Zot)
  An elephant (shapeshifter) (Zot)
  A naga mage (Zot)
  A shock serpent zombie (Zot)
  2 eyes of devastation (Zot)
  A queen ant (shapeshifter) (Zot)
  A draconian skeleton (Zot)
  3 smoke demons (Zot)
  4 centaur zombies (Zot)
  2 spiny frogs (Zot)
  4 iron devils (Zot)
  A torpor snail (Zot)
  An octopode (shapeshifter) (Zot)
  11 tormentors (Zot)
  3 kobold demonologists (Zot)
  A centaur skeleton (Zot)
  7 gargoyles (Zot)
  A death yak zombie (Zot)
  13 polar bears (Zot)
  3 elves (shapeshifter) (Zot)
  2 purple draconian zombies (Zot)
  A yaktaur (shapeshifter) (Zot)
  4 orange demons (Zot)
  A spectral glowing shapeshifter (Zot)
  3 hellwings (Zot)
  3 demonic crawlers (Zot)
  A jumping spider (shapeshifter) (Zot)
  A red draconian zombie (Zot)
  14 red devils (Zot)
  3 tengu conjurers (Zot)
  6 guardian mummies (Zot)
  2 basilisks (Zot)
  3 yaktaur skeletons (Zot)
  A harpy zombie (Zot)
  4 silent spectres (Zot)
  39 yaktaurs (Zot)
  2 snapping turtles (Zot)
  7 deep elf priests (Zot)
  5 wyverns (Zot)
  2 merfolk (Zot)
  3 trolls (shapeshifter) (Zot)
  A sphinx simulacrum (Zot)
  A hydra zombie (Zot)
  3 wandering mushrooms (Zot)
  2 giant leeches (shapeshifter) (Zot)
  10 blue devils (Zot)
  2 tengu (shapeshifter) (Zot)
  A slime creature (shapeshifter) (Zot)
  14 freezing wraiths (Zot)
  47 slime creatures (Zot)
  A wind drake (Zot)
  A bog body (Zot)
  3 hydra skeletons (Zot)
  A fire vortex (Zot)
  12 deep troll zombies (Zot)
  2 raiju (shapeshifter) (Zot)
  A boulder beetle (shapeshifter) (Zot)
  A boulder beetle (Zot)
  25 ravens (Zot)
  6 trolls (Zot)
  A raven (shapeshifter) (Zot)
  8 two-headed ogres (Zot)
  7 ettin zombies (Zot)
  4 air elementals (Zot)
  9 wraiths (Zot)
  A yak (shapeshifter) (Zot)
  20 vampires (Zot)
  5 redbacks (Zot)
  A trapdoor spider (Zot)
  32 flying skulls (Zot)
  An ice dragon skeleton (Zot)
  3 deep troll skeletons (Zot)
  A redback (shapeshifter) (Zot)
  A spriggan (shapeshifter) (Zot)
  16 spriggans (Zot)
  2 ynoxinuls (Zot)
  3 hippogriffs (Zot)
  16 yaks (Zot)
  2 tarantellas (Zot)
  5 neqoxecs (Zot)
  7 shadows (Zot)
  Eustachio (Zot)
  5 deep elf fighters (Zot)
  5 deep elf magi (Zot)
  2 tarantellas (shapeshifter) (Zot)
  4 fire elementals (Zot)
  A hill giant skeleton (Zot)
  15 vampire mosquitoes (Zot)
  5 hungry ghosts (Zot)
  4 yaktaur simulacra (Zot)
  A warg (Zot)
  2 chaos spawn (Zot)
  A warg (shapeshifter) (Zot)
  A golden eye (shapeshifter) (Zot)
  18 human zombies (Zot)
  A giant frog (Zot)
  3 soldier ants (Zot)
  A mottled dragon (shapeshifter) (Zot)
  14 ice beasts (Zot)
  A swamp drake (Zot)
  6 water moccasins (Zot)
  17 hell hounds (Zot)
  10 nagas (Zot)
  4 mottled dragons (Zot)
  3 human skeletons (Zot)
  A manticore zombie (Zot)
  9 orc warriors (Zot)
  14 boggarts (Zot)
  16 ogres (Zot)
  8 phantoms (Zot)
  18 yellow wasps (Zot)
  18 black bears (Zot)
  8 centaurs (Zot)
  An ice dragon simulacrum (Zot)
  An ettin simulacrum (Zot)
  A crocodile (Zot)
  5 necrophages (Zot)
  A yaktaur zombie (Zot)
  A boring beetle (shapeshifter) (Zot)
  5 lost souls (Zot)
  2 eyes of draining (Zot)
  2 hell hound zombies (Zot)
  5 earth elementals (Zot)
  A cyclops skeleton (Zot)
  12 orange rats (Zot)
  2 glowing shapeshifter simulacra (Zot)
  A troll zombie (Zot)
  A human simulacrum (Zot)
  7 killer bees (Zot)
  3 orc simulacra (Zot)
  13 wights (Zot)
  27 jellies (Zot)
  9 crimson imps (Zot)
  A yellow wasp zombie (Zot)
  3 hounds (Zot)
  14 iron imps (Zot)
  8 orc priests (Zot)
  A two-headed ogre zombie (Zot)
  3 elf zombies (Zot)
  An iguana (Zot)
  2 orc wizards (Zot)
  8 worker ants (Zot)
  9 quasits (Zot)
  4 sheep (Zot)
  2 tengu simulacra (Zot)
  A crocodile zombie (Zot)
  2 ogre zombies (Zot)
  A mottled dragon zombie (Zot)
  10 mummies (Zot)
  3 gnolls (Zot)
  A green rat (Zot)
  18 shadow imps (Zot)
  9 white imps (Zot)
  A worker ant simulacrum (Zot)
  A worm (shapeshifter) (Zot)
  17 ufetubi (Zot)
  A spectral adder (Zot)
  2 orc zombies (Zot)
  A sheep zombie (Zot)
  39 orcs (Zot)
  A bat zombie (Zot)
  4 quokkas (Zot)
  2 ball pythons (Zot)
  12 bats (Zot)
  A giant cockroach (Zot)
  2 giant newts (Zot)
  A giant spore (Zot)
  4 goblins (Zot)
  16 kobolds (Zot)
  2 quokka zombies (Zot)
  12 rats (Zot)
  A spectral goblin (Zot)
  8 briar patches (Zot)
  12 butterflies (Zot)
  3 crawling corpses (Zot)
  4 plants (Zot)
2284 creatures vanquished.

Vanquished Creatures (others)
  3 profane servitors (Zot)
  3 bone dragons (Zot)
  4 tengu reavers (Zot)
  2 fire giants (Zot)
  4 ghouls (Zot)
  6 curse skulls (Zot)
  A red draconian (Zot)
  10 very ugly thing zombies (Zot)
  2 quicksilver dragon zombies (Zot)
  14 jiangshi (Zot)
  A deep elf high priest (Zot)
  A death cob (Zot)
  A spectral tengu (Zot)
  An anaconda (Zot)
  A naga warrior (Zot)
  A spectral sphinx (Zot)
  2 deep troll earth magi (Zot)
  An anaconda (shapeshifter) (Zot)
  A hellephant zombie (Zot)
  12 soul eaters (Zot)
  18 sun demons (Zot)
  10 storm dragon zombies (Zot)
  2 deep elf knights (Zot)
  2 spectral yaktaurs (Zot)
  A giant orange brain (shapeshifter) (Zot)
  A ghost moth zombie (Zot)
  4 skeletal warriors (Zot)
  A storm dragon skeleton (Zot)
  18 shadow wraiths (Zot)
  2 golden dragon zombies (Zot)
  A deep elf summoner (Zot)
  20 ice devils (Zot)
  17 flayed ghosts (Zot)
  4 ice statues (Zot)
  25 silver statues (Zot)
  21 shadow dragon zombies (Zot)
  19 phantasmal warriors (Zot)
  5 wolf spider zombies (Zot)
  14 ugly thing zombies (Zot)
  A spectral ice dragon (Zot)
  207 oklob plants (Zot)
  5 sphinx zombies (Zot)
  7 iron dragon zombies (Zot)
  2 spectral deep trolls (Zot)
  3 hill giants (Zot)
  16 frost giant zombies (Zot)
  2 fauns (Zot)
  9 hell hog zombies (Zot)
  53 sixfirhies (Zot)
  2 stone giant zombies (Zot)
  A spectral fire dragon (Zot)
  An ugly thing (Zot)
  19 fire giant zombies (Zot)
  2 shadow dragon skeletons (Zot)
  A black mamba (Zot)
  2 iron dragon skeletons (Zot)
  A tengu skeleton (Zot)
  3 fire giant skeletons (Zot)
  12 draconian zombies (Zot)
  A sphinx skeleton (Zot)
  2 dire elephant zombies (Zot)
  A shock serpent zombie (Zot)
  A mermaid (Zot)
  A stone giant skeleton (Zot)
  21 spriggan zombies (Zot)
  2 white draconian zombies (Zot)
  18 orange crystal statues (Zot)
  An elephant slug zombie (Zot)
  29 orange demons (Zot)
  7 red draconian zombies (Zot)
  A yellow draconian zombie (Zot)
  An alligator snapping turtle zombie (Zot)
  A storm dragon simulacrum (Zot)
  A black draconian zombie (Zot)
  A pale draconian zombie (Zot)
  A centaur skeleton (Zot)
  A redback zombie (Zot)
  2 tormentors (Zot)
  A grey draconian zombie (Zot)
  6 death yak zombies (Zot)
  2 mottled draconian zombies (Zot)
  A spectral glowing shapeshifter (Zot)
  5 yaktaurs (Zot)
  33 iron devils (Zot)
  2 purple draconian zombies (Zot)
  8 centaur zombies (Zot)
  15 smoke demons (Zot)
  An iron troll zombie (Zot)
  26 hellwings (Zot)
  A guardian mummy (Zot)
  2 minotaur zombies (Zot)
  27 red devils (Zot)
  A tengu conjurer (Zot)
  8 ghoul skeletons (Zot)
  6 hydra zombies (Zot)
  2 demonic crawler zombies (Zot)
  17 freezing wraiths (Zot)
  30 blue devils (Zot)
  A spectral orc (Zot)
  A polar bear (shapeshifter) (Zot)
  4 moth of wrath zombies (Zot)
  A fire giant simulacrum (Zot)
  A stone giant simulacrum (Zot)
  A tarantella zombie (Zot)
  A sphinx simulacrum (Zot)
  A raven (Zot)
  4 tengu simulacra (Zot)
  6 ice dragon zombies (Zot)
  20 ettin zombies (Zot)
  3 fire dragon zombies (Zot)
  2 griffon zombies (Zot)
  2 two-headed ogres (Zot)
  30 ynoxinuls (Zot)
  25 wraiths (Zot)
  5 deep troll skeletons (Zot)
  A black mamba zombie (Zot)
  A redback (Zot)
  2 fire dragon skeletons (Zot)
  An ice dragon skeleton (Zot)
  3 ettin skeletons (Zot)
  17 shadows (Zot)
  A tarantella (shapeshifter) (Zot)
  2 hill giant zombies (Zot)
  44 flying skulls (Zot)
  A black mamba skeleton (Zot)
  28 vampires (Zot)
  25 chaos spawn (Zot)
  27 neqoxecs (Zot)
  A deep elf fighter (Zot)
  2 yaktaur simulacra (Zot)
  A faun zombie (Zot)
  26 hungry ghosts (Zot)
  5 merfolk zombies (Zot)
  14 raven zombies (Zot)
  A catoblepas simulacrum (Zot)
  118 deep troll zombies (Zot)
  24 tengu zombies (Zot)
  5 deep troll simulacra (Zot)
  4 snapping turtle zombies (Zot)
  A mermaid zombie (Zot)
  23 necrophages (Zot)
  5 manticore zombies (Zot)
  An elf simulacrum (Zot)
  A fire crab zombie (Zot)
  2 elf skeletons (Zot)
  3 ettin simulacra (Zot)
  33 ice beasts (Zot)
  7 vampire mosquito zombies (Zot)
  6 lost souls (Zot)
  3 fire drake zombies (Zot)
  An ice dragon simulacrum (Zot)
  A torpor snail zombie (Zot)
  A big kobold (Zot)
  8 polar bear zombies (Zot)
  A salamander zombie (Zot)
  3 cyclops zombies (Zot)
  4 hell hound zombies (Zot)
  3 yaktaur skeletons (Zot)
  24 yaktaur zombies (Zot)
  6 glowing shapeshifter simulacra (Zot)
  3 water moccasin zombies (Zot)
  4 wyvern zombies (Zot)
  A boulder beetle zombie (Zot)
  11 yak zombies (Zot)
  3 hippogriff zombies (Zot)
  4 oklob saplings (Zot)
  5 troll zombies (Zot)
  A yak skeleton (Zot)
  100 crimson imps (Zot)
  35 wights (Zot)
  10 yellow wasp zombies (Zot)
  2 jellies (Zot)
  5 two-headed ogre zombies (Zot)
  A giant frog zombie (Zot)
  A black bear skeleton (Zot)
  138 quasits (Zot)
  2 soldier ant zombies (Zot)
  10 black bear zombies (Zot)
  92 iron imps (Zot)
  An orange rat (Zot)
  A big kobold skeleton (Zot)
  4 lightning spires (Zot)
  5 killer bee zombies (Zot)
  11 ogre zombies (Zot)
  An orange rat skeleton (Zot)
  2 crocodile zombies (Zot)
  12 naga zombies (Zot)
  3 mottled dragon zombies (Zot)
  3 necrophage skeletons (Zot)
  8 hound zombies (Zot)
  23 mummies (Zot)
  5 worker ant zombies (Zot)
  5 orange rat zombies (Zot)
  24 elf zombies (Zot)
  32 human zombies (Zot)
  144 shadow imps (Zot)
  140 white imps (Zot)
  A goliath beetle zombie (Zot)
  332 ufetubi (Zot)
  3 adder zombies (Zot)
  5 gnoll zombies (Zot)
  30 orc zombies (Zot)
  A sheep zombie (Zot)
  An ooze (Zot)
  An orc (Zot)
  2 bat skeletons (Zot)
  6 bat zombies (Zot)
  2 giant cockroach zombies (Zot)
  A giant gecko skeleton (Zot)
  A goblin skeleton (Zot)
  2 goblin zombies (Zot)
  2 hobgoblin skeletons (Zot)
  A hobgoblin zombie (Zot)
  A jackal zombie (Zot)
  3 kobold skeletons (Zot)
  5 kobold zombies (Zot)
  A quokka skeleton (Zot)
  2 rat skeletons (Zot)
  9 rat zombies (Zot)
  A butterfly (Zot)
  74 plants (Zot)
2830 creatures vanquished.

Grand Total: 5872 creatures vanquished

Notes
Turn   | Place    | Note
--------------------------------------------------------------
     0 | Zot      | namelastname112, the Troll Monk, began the quest for the Orb.
     0 | Zot      | Reached XP level 1. HP: 22/22 MP: 1/1
   241 | Zot      | Reached XP level 2. HP: 27/29 MP: 1/1
   306 | Zot      | Reached XP level 3. HP: 31/36 MP: 2/2
   353 | Zot      | Noticed Vesowuph
   360 | Zot      | Killed Vesowuph the giant frog
   360 | Zot      | Reached skill level 5 in Unarmed Combat
   360 | Zot      | Reached XP level 4. HP: 38/45 MP: 2/2
   360 | Zot      | Reached XP level 5. HP: 44/53 MP: 2/2
   683 | Zot      | Noticed Pikel
   706 | Zot      | Killed Pikel
   706 | Zot      | Reached skill level 7 in Unarmed Combat
   706 | Zot      | Reached XP level 6. HP: 39/42 MP: 3/3
   706 | Zot      | Reached XP level 7. HP: 46/50 MP: 3/3
   716 | Zot      | Reached XP level 8. HP: 28/47 MP: 3/3
   759 | Zot      | Became a worshipper of Yredelemnul the Dark
   759 | Zot      | Acquired Yredelemnul's first power
   759 | Zot      | Acquired Yredelemnul's second power
   840 | Zot      | Reached skill level 8 in Unarmed Combat
   967 | Zot      | Reached skill level 1 in Invocations
   990 | Zot      | Reached skill level 5 in Dodging
  1027 | Zot      | Reached skill level 5 in Fighting
  1074 | Zot      | Noticed Menkaure
  1078 | Zot      | Killed Menkaure
  1086 | Zot      | Reached XP level 9. HP: 30/40 MP: 7/9
  1108 | Zot      | Acquired Yredelemnul's third power
  1125 | Zot      | Reached skill level 9 in Unarmed Combat
  1155 | Zot      | Noticed Ijyb
  1167 | Zot      | Killed Ijyb
  1231 | Zot      | Noticed Seak
  1246 | Zot      | Killed Seak the hill giant
  1246 | Zot      | Reached skill level 10 in Unarmed Combat
  1246 | Zot      | Reached skill level 5 in Invocations
  1338 | Zot      | Reached XP level 10. HP: 43/50 MP: 10/13
  1452 | Zot      | Noticed Duvessa
  1470 | Zot      | Killed Duvessa
  1490 | Zot      | Noticed a wolf spider
  1494 | Zot      | Noticed a wolf spider
  1496 | Zot      | Noticed a wolf spider
  1504 | Zot      | Your ally Duvessa died
  1512 | Zot      | Noticed a wolf spider
  1514 | Zot      | Your ally Pikel died
  1535 | Zot      | Killed a wolf spider
  1543 | Zot      | Killed a wolf spider
  1552 | Zot      | Killed a wolf spider
  1552 | Zot      | Reached skill level 11 in Unarmed Combat
  1556 | Zot      | Acquired Yredelemnul's fourth power
  1586 | Zot      | Reached XP level 11. HP: 46/59 MP: 18/18
  1606 | Zot      | Noticed Gastronok
  1606 | Zot      | Killed a wolf spider
  1615 | Zot      | Killed Gastronok
  1695 | Zot      | Received a gift from Yredelemnul
  1734 | Zot      | Noticed a death cob
  1734 | Zot      | Noticed Nikola
  1735 | Zot      | Noticed a tentacled monstrosity
  1736 | Zot      | HP: 2/61 [tentacled monstrosity[a boggart] (6)]
  1755 | Zot      | Killed a tentacled monstrosity
  1758 | Zot      | Killed a death cob
  1762 | Zot      | Reached skill level 12 in Unarmed Combat
  1776 | Zot      | Killed Nikola
  1854 | Zot      | Noticed Khiejav
  1860 | Zot      | Killed Khiejav the deep elf knight
  1905 | Zot      | Reached XP level 12. HP: 70/70 MP: 21/21
  1909 | Zot      | Received a gift from Yredelemnul
  2005 | Zot      | Received a gift from Yredelemnul
  2032 | Zot      | Your ally Gastronok died
  2049 | Zot      | Reached skill level 13 in Unarmed Combat
  2094 | Zot      | Noticed a red very ugly thing
  2097 | Zot      | Noticed a brown very ugly thing
  2097 | Zot      | Noticed a brown very ugly thing
  2103 | Zot      | Noticed a brown very ugly thing
  2105 | Zot      | Reached skill level 10 in Invocations
  2170 | Zot      | Killed a brown very ugly thing
  2192 | Zot      | Killed a cyan very ugly thing
  2192 | Zot      | Reached XP level 13. HP: 40/80 MP: 24/24
  2213 | Zot      | Killed a brown very ugly thing
  2223 | Zot      | Killed a purple very ugly thing
  2223 | Zot      | Reached skill level 14 in Unarmed Combat
  2281 | Zot      | Noticed Khufu
  2281 | Zot      | Noticed a greater mummy
  2335 | Zot      | Killed a greater mummy
  2351 | Zot      | Noticed the 27-headed Lernaean hydra
  2392 | Zot      | Killed the 27-headed Lernaean hydra
  2392 | Zot      | Reached XP level 14. HP: 77/92 MP: 24/25
  2406 | Zot      | Killed Khufu
  2406 | Zot      | Reached skill level 15 in Unarmed Combat
  2408 | Zot      | Received a gift from Yredelemnul
  2444 | Zot      | Noticed a brown very ugly thing
  2458 | Zot      | Killed a red very ugly thing
  2526 | Zot      | Noticed Urug
  2528 | Zot      | Killed Urug
  2542 | Zot      | Noticed Nessos
  2545 | Zot      | Killed Nessos
  2624 | Zot      | Your ally Urug died
  2644 | Zot      | Your ally Nessos died
  2737 | Zot      | Reached skill level 10 in Fighting
  2737 | Zot      | Reached skill level 10 in Dodging
  2744 | Zot      | Reached XP level 15. HP: 83/101 MP: 28/28
  2745 | Zot      | Received a gift from Yredelemnul
  2751 | Zot      | Reached skill level 16 in Unarmed Combat
  2822 | Zot      | Acquired Yredelemnul's fifth power
  2822 | Zot      | Received a gift from Yredelemnul
  2823 | Zot      | Noticed Edmund
  2823 | Zot      | Noticed Psyche
  2841 | Zot      | Killed Edmund
  2846 | Zot      | Killed Psyche
  2916 | Zot      | Your ally Edmund died
  2963 | Zot      | Killed Eustachio
  3000 | Zot      | Received a gift from Yredelemnul
  3015 | Zot      | Noticed Rupert
  3046 | Zot      | Killed Rupert
  3088 | Zot      | Got an elven rune of Zot
  3131 | Zot      | Got a serpentine rune of Zot
  3131 | Zot      | Got a silver rune of Zot
  3138 | Zot      | Received a gift from Yredelemnul
  3198 | Zot      | Got a magical rune of Zot
  3478 | Zot      | Reached skill level 17 in Unarmed Combat
  3491 | Zot      | Received a gift from Yredelemnul
  3528 | Zot      | Reached XP level 16. HP: 113/113 MP: 29/29
  3642 | Zot      | Your ally Lernaean died
  3718 | Zot      | Received a gift from Yredelemnul
  3808 | Zot      | Got an obsidian rune of Zot
  3933 | Zot      | Noticed Margery
  3955 | Zot      | Killed Margery
  3955 | Zot      | Reached skill level 15 in Invocations
  4037 | Zot      | Reached skill level 18 in Unarmed Combat
  4044 | Zot      | Reached XP level 17. HP: 82/122 MP: 31/31
  4141 | Zot      | Received a gift from Yredelemnul
  4431 | Zot      | Noticed Mara
  4454 | Zot      | Noticed namelastname112's illusion
  4470 | Zot      | Reached XP level 18. HP: 106/134 MP: 32/32
  4557 | Zot      | Killed namelastname112's illusion
  4592 | Zot      | Reached skill level 19 in Unarmed Combat
  4614 | Zot      | Noticed namelastname112's illusion
  4648 | Zot      | Noticed namelastname112's illusion
  4673 | Zot      | Killed namelastname112's illusion
  4683 | Zot      | Killed Mara
  4729 | Zot      | Received a gift from Yredelemnul
  4757 | Zot      | Killed Erolcha
  4830 | Zot      | Received a gift from Yredelemnul
  4885 | Zot      | Noticed namelastname112's illusion
  4950 | Zot      | Killed Mara
  5019 | Zot      | Reached XP level 19. HP: 143/143 MP: 31/34
  5286 | Zot      | Reached skill level 20 in Unarmed Combat
  5404 | Zot      | Received a gift from Yredelemnul
  5718 | Zot      | Your ally Lernaean died
  5728 | Zot      | Received a gift from Yredelemnul
  5760 | Zot      | Received a gift from Yredelemnul
  5871 | Zot      | Reached XP level 20. HP: 55/154 MP: 32/35
  6201 | Zot      | Received a gift from Yredelemnul
  6237 | Zot      | Reached skill level 21 in Unarmed Combat
  6263 | Zot      | Noticed Azrael
  6276 | Zot      | Killed Azrael
  6642 | Zot      | Reached XP level 21. HP: 163/165 MP: 36/36
  6667 | Zot      | Got an iron rune of Zot
  6707 | Bazaar   | Entered a bazaar
  6707 | Bazaar   | Found Pheystraywn's Food Emporium.
  6707 | Bazaar   | Found Smeadius' General Store.
  6707 | Bazaar   | Found Grulut's Antique Armour Boutique.
  6707 | Bazaar   | Reached XP level 20. HP: 152/152 MP: 35/36
  6707 | Bazaar   | Bought an embroidered cloak for 189 gold pieces
  6707 | Bazaar   | Bought a runed large shield for 189 gold pieces
  6707 | Bazaar   | Found Sebriore's General Store.
  6707 | Bazaar   | Bought a potion of heal wounds for 39 gold pieces
  6715 | Zot      | Noticed Tiamat
  6748 | Zot      | Reached skill level 1 in Shields
  6753 | Zot      | Received a gift from Yredelemnul
  6777 | Zot      | Killed Tiamat
  7029 | Zot      | Killed Frances
  7135 | Zot      | Reached skill level 22 in Unarmed Combat
  7299 | Zot      | Noticed Tiamat
  7318 | Zot      | Reached XP level 21. HP: 137/164 MP: 37/37
  7374 | Zot      | Killed Tiamat
  7535 | Zot      | Received a gift from Yredelemnul
  7890 | Zot      | Reached skill level 5 in Shields
  7904 | Zot      | Received a gift from Yredelemnul
  7936 | Zot      | Reached XP level 22. HP: 173/173 MP: 37/37
  8027 | Zot      | Reached skill level 15 in Dodging
  8093 | Zot      | Received a gift from Yredelemnul
  8206 | Zot      | Reached skill level 23 in Unarmed Combat
  8480 | Zot      | Noticed an orb of fire
  8646 | Zot      | Reached skill level 15 in Fighting
  8652 | Zot      | Got a barnacled rune of Zot
  8679 | Zot      | Received a gift from Yredelemnul
  8815 | Zot      | Reached XP level 23. HP: 184/184 MP: 38/38
  8825 | Zot      | Noticed Boris
  8836 | Zot      | Killed Boris
  9134 | Zot      | Got a slimy rune of Zot
  9203 | Bazaar   | Entered a bazaar
  9203 | Bazaar   | Found Aleun's Book Shoppe.
  9203 | Bazaar   | Found Feantesk's Food Emporium.
  9203 | Bazaar   | Found Yfeur's Food Shop.
  9203 | Bazaar   | Found Urhau's Book Emporium.
  9203 | Bazaar   | Found Prof's Armour Shoppe.
  9203 | Bazaar   | Bought the Tome of Earthen Transformation for 464 gold pieces
  9203 | Bazaar   | Learned a level 6 spell: Statue Form
  9342 | Zot      | Reached skill level 24 in Unarmed Combat
  9342 | Zot      | Reached skill level 1 in Spellcasting
  9342 | Zot      | Reached skill level 1 in Transmutations
  9342 | Zot      | Reached skill level 1 in Earth Magic
  9427 | Zot      | Noticed Dispater
  9469 | Zot      | Killed Dispater
  9524 | Zot      | Received a gift from Yredelemnul
  9526 | Zot      | Reached XP level 24. HP: 157/188 MP: 39/39
  9834 | Zot      | Got an icy rune of Zot
  9907 | Zot      | Reached skill level 5 in Earth Magic
  9982 | Zot      | Received a gift from Yredelemnul
 10089 | Zot      | Reached skill level 5 in Transmutations
 10092 | Zot      | Noticed an ancient lich
 10136 | Zot      | Noticed Xtahua
 10140 | Zot      | Killed Xtahua
 10216 | Zot      | Received a gift from Yredelemnul
 10234 | Zot      | Killed an ancient lich
 10271 | Zot      | Reached XP level 25. HP: 199/199 MP: 40/40
 10503 | Zot      | Received a gift from Yredelemnul
 10601 | Zot      | Noticed Boris
 10620 | Zot      | Killed Boris
 10741 | Zot      | Received a gift from Yredelemnul
 10770 | Zot      | Noticed an ancient lich
 10792 | Zot      | Killed an ancient lich
 10795 | Zot      | Noticed an ancient lich
 10821 | Zot      | Killed an ancient lich
 10821 | Zot      | Reached skill level 10 in Shields
 10978 | Zot      | Gained mutation: You have difficulty communicating with the divine. [a cacodemon]
 11035 | Zot      | Received a gift from Yredelemnul
 11080 | Zot      | Reached skill level 25 in Unarmed Combat
 11080 | Zot      | Reached XP level 26. HP: 208/210 MP: 40/40
 11328 | Zot      | Received a gift from Yredelemnul
 11515 | Zot      | Noticed Boris
 11531 | Zot      | Killed Boris
 11649 | Zot      | Killed Gloorx Vloq
 11798 | Zot      | Received a gift from Yredelemnul
 11828 | Zot      | Killed Norris
 11912 | Zot      | Reached XP level 27. HP: 212/222 MP: 41/41
 11918 | Zot      | Got a gossamer rune of Zot
 12072 | Bazaar   | Entered a bazaar
 12072 | Bazaar   | Found Graplege's Antique Armour Shop.
 12072 | Bazaar   | Found Itacyw's Antique Weapon Shop.
 12072 | Bazaar   | Bought a distressingly furry mottled dragon armour for 1080 gold pieces
 12072 | Bazaar   | Identified the cursed +5 mottled dragon armour of Demons {+Fly rN+ MR+} (You bought it in a shop in a bazaar)
 12072 | Bazaar   | Found Diosh's General Store.
 12080 | Zot      | Reached XP level 26. HP: 209/209 MP: 40/40
 12108 | Bazaar   | Entered a bazaar
 12108 | Bazaar   | Found Klaud's Antique Armour Shoppe.
 12108 | Bazaar   | Found Otear's Antique Weapon Shoppe.
 12108 | Bazaar   | Found Azymeose's General Store.
 12108 | Bazaar   | Found Ypekka Pampa's Armour Shop.
 12108 | Bazaar   | Found Nodatim's Assorted Antiques.
 12108 | Bazaar   | Bought a scroll labeled KEOCSANEZU for 21 gold pieces
 12108 | Bazaar   | Bought a scroll labeled NELLOPS TOKAC for 21 gold pieces
 12108 | Bazaar   | Bought a scroll labeled GOKEER UWUSU for 21 gold pieces
 12108 | Bazaar   | Bought a scroll labeled GEISCHE TUASESE for 21 gold pieces
 12108 | Bazaar   | Bought a scroll labeled GAOHUS STREZXIFE for 21 gold pieces
 12108 | Bazaar   | Bought a scroll labeled GOKEER UWUSU for 21 gold pieces
 12108 | Bazaar   | Got a pitted tin ring
 12108 | Bazaar   | Identified the cursed ring of Cagadghyq {+Inv rF+ Curse} (You acquired it in a bazaar)
 12117 | Bazaar   | Entered a bazaar
 12117 | Bazaar   | Found Weweitt's Gadget Emporium.
 12117 | Bazaar   | Found Jodatyugh's Weapon Shoppe.
 12117 | Bazaar   | Found Struyz's Magic Scroll Boutique.
 12117 | Bazaar   | Bought a scroll of recharging for 114 gold pieces
 12117 | Bazaar   | Found Gaehius' Distillery.
 12117 | Bazaar   | Bought a potion of heal wounds for 21 gold pieces
 12117 | Bazaar   | Found Lotodukh's Food Shop.
 12154 | Bazaar   | Entered a bazaar
 12154 | Bazaar   | Found Meyleocy's Jewellery Boutique.
 12154 | Bazaar   | Found Xasenn's Antique Weapon Emporium.
 12154 | Bazaar   | Found Caithruimn's Book Boutique.
 12154 | Bazaar   | Found Omul's Gadget Shoppe.
 12163 | Bazaar   | Entered a bazaar
 12163 | Bazaar   | Found Danaf's Food Shoppe.
 12163 | Bazaar   | Found Ruqu's Gadget Shoppe.
 12163 | Bazaar   | Found Pearun's Book Shoppe.
 12172 | Bazaar   | Entered a bazaar
 12172 | Bazaar   | Found Upeosch's Book Emporium.
 12172 | Bazaar   | Found Clejo's Antique Armour Shoppe.
 12172 | Bazaar   | Found Vaahev's Antique Armour Emporium.
 12181 | Bazaar   | Entered a bazaar
 12181 | Bazaar   | Found Zierphot's Weapon Shoppe.
 12181 | Bazaar   | Found Caaba's Jewellery Emporium.
 12181 | Bazaar   | Found Fuaca's Book Shoppe.
 12181 | Bazaar   | Found Twuwu's Antique Weapon Emporium.
 12190 | Bazaar   | Entered a bazaar
 12190 | Bazaar   | Found Jocai's Antique Weapon Boutique.
 12190 | Bazaar   | Found Helex's Antique Armour Boutique.
 12190 | Bazaar   | Found Raoqaot's Antique Weapon Boutique.
 12190 | Bazaar   | Found Psad's Weapon Boutique.
 12199 | Bazaar   | Entered a bazaar
 12199 | Bazaar   | Found Qyunaach's Antique Weapon Emporium.
 12199 | Bazaar   | Found Roifeoz's Gadget Emporium.
 12199 | Bazaar   | Found Araar's Book Shoppe.
 12199 | Bazaar   | Found Troevopt's Book Shoppe.
 12208 | Bazaar   | Entered a bazaar
 12208 | Bazaar   | Found Womaxom's Weapon Shop.
 12208 | Bazaar   | Found Coogim's General Store.
 12208 | Bazaar   | Found Riett's Distillery.
 12208 | Bazaar   | Found Boumeuse's Book Boutique.
 12208 | Bazaar   | Found Klatahir's Jewellery Shop.
 12217 | Bazaar   | Entered a bazaar
 12217 | Bazaar   | Found Ceziwk's Magic Scroll Boutique.
 12217 | Bazaar   | Bought a scroll of recharging for 95 gold pieces
 12217 | Bazaar   | Found Mnuil's Distillery.
 12217 | Bazaar   | Found Smekir's General Store.
 12217 | Bazaar   | Found Romitz's Weapon Shoppe.
 12232 | Bazaar   | Entered a bazaar
 12232 | Bazaar   | Found Zaaninn's Jewellery Shoppe.
 12232 | Bazaar   | Found Iricsagg's Jewellery Boutique.
 12232 | Bazaar   | Found Ydiuj's Magic Scroll Emporium.
 12232 | Bazaar   | Found Shrypoino's Weapon Shop.
 12241 | Bazaar   | Entered a bazaar
 12241 | Bazaar   | Found Kepry's General Store.
 12241 | Bazaar   | Found Jeomiseh's Armour Emporium.
 12241 | Bazaar   | Found Xaothras' Book Shoppe.
 12241 | Bazaar   | Found Phientor's Jewellery Emporium.
 12241 | Bazaar   | Found Boural's Antique Armour Shoppe.
 12241 | Bazaar   | Found Jiageh's Antique Armour Emporium.
 12241 | Bazaar   | Found Memouph's Armour Shoppe.
 12250 | Bazaar   | Entered a bazaar
 12250 | Bazaar   | Found Kier's Weapon Emporium.
 12250 | Bazaar   | Found Wammaz's Antique Weapon Boutique.
 12250 | Bazaar   | Found Esua's Jewellery Shop.
 12250 | Bazaar   | Found Naleur's Armour Shoppe.
 12252 | Zot      | Received a gift from Yredelemnul
 12259 | Bazaar   | Entered a bazaar
 12259 | Bazaar   | Found Wacus' General Store.
 12259 | Bazaar   | Found Bruasm's General Store.
 12259 | Bazaar   | Found Onom Aph's Magic Scroll Shoppe.
 12259 | Bazaar   | Bought a potion of heal wounds for 42 gold pieces
 12259 | Bazaar   | Reached XP level 25. HP: 174/174 MP: 39/40
 12259 | Bazaar   | Bought 2 scrolls of recharging for 247 gold pieces
 12259 | Bazaar   | Found Jaulaun's General Store.
 12259 | Bazaar   | Found Kocuih's Weapon Emporium.
 12268 | Bazaar   | Entered a bazaar
 12268 | Bazaar   | Found Leaqar's Food Boutique.
 12268 | Bazaar   | Found Ucvarhas' Food Boutique.
 12268 | Bazaar   | Found Jongikh's Food Boutique.
 12268 | Bazaar   | Found Pios' Magic Scroll Shop.
 12277 | Bazaar   | Entered a bazaar
 12277 | Bazaar   | Found Craras' Assorted Antiques.
 12277 | Bazaar   | Found Notusm's Weapon Emporium.
 12277 | Bazaar   | Found Plys' Armour Boutique.
 12277 | Bazaar   | Found Vaynir's Magic Scroll Emporium.
 12277 | Bazaar   | Found Qojo's Antique Armour Boutique.
 12423 | Zot      | Reached skill level 26 in Unarmed Combat
 12631 | Zot      | Got a golden rune of Zot
 12705 | Zot      | Noticed Frederick
 12725 | Zot      | Killed Frederick
 12725 | Zot      | Received a gift from Yredelemnul
 12914 | Zot      | Reached XP level 26. HP: 151/189 MP: 38/40
 13022 | Zot      | Received a gift from Yredelemnul
 13418 | Zot      | Your ally Loos died
 13430 | Zot      | Killed an ancient lich
 13436 | Zot      | Got a bone rune of Zot
 13542 | Zot      | Received a gift from Yredelemnul
 13568 | Zot      | Noticed an ancient lich
 13586 | Zot      | Killed an ancient lich
 13617 | Zot      | Killed an ancient lich
 13786 | Zot      | Received a gift from Yredelemnul
 13788 | Zot      | Reached XP level 27. HP: 196/201 MP: 38/41
 13849 | Zot      | Reached skill level 27 in Unarmed Combat
 13919 | Zot      | Reached skill level 15 in Shields
 13983 | Zot      | Noticed an ancient lich
 14022 | Zot      | Killed an ancient lich
 14026 | Zot      | Received a gift from Yredelemnul
 14510 | Zot      | Received a gift from Yredelemnul
 14617 | Zot      | Your ally Norris died
 15030 | Zot      | Received a gift from Yredelemnul
 15416 | Zot      | Received a gift from Yredelemnul
 15478 | Zot      | Noticed an ancient lich
 15490 | Zot      | Killed an ancient lich
 15620 | Zot      | Your ally Frederick died
 15741 | Bazaar   | Entered a bazaar
 15741 | Bazaar   | Found Cowism's Jewellery Shoppe.
 15741 | Bazaar   | Bought the ring of Vitality {HP+15 Regen} for 444 gold pieces
 15741 | Bazaar   | Found Lick's Book Boutique.
 15741 | Bazaar   | Found Klo Suce's Magic Scroll Shoppe.
 15741 | Bazaar   | Found Boamm's Gadget Shoppe.
 15741 | Bazaar   | Bought a stone of tremors for 600 gold pieces
 15975 | Zot      | Received a gift from Yredelemnul
 16003 | Zot      | Noticed Wiglaf
 16018 | Zot      | Killed Wiglaf
 16337 | Zot      | Received a gift from Yredelemnul
 16359 | Zot      | Killed Boris
 16877 | Zot      | Got a fiery rune of Zot
 17213 | Zot      | Noticed Throcupyv
 17231 | Zot      | Killed Throcupyv the ancient lich
 17506 | Zot      | Noticed Saint Roka
 17522 | Zot      | Killed Saint Roka
 17549 | Zot      | Got an abyssal rune of Zot
 18222 | Zot      | Received a gift from Yredelemnul
 18307 | Zot      | Got a demonic rune of Zot
 18337 | Zot      | Got the Orb of Zot
 18405 | Zot      | Escaped with the Orb!

Action                   |  1- 3 |  4- 6 |  7- 9 | 10-12 | 13-15 | 16-18 | 19-21 | 22-24 | 25-27 || total
-------------------------+-------+-------+-------+-------+-------+-------+-------+-------+-------++-------
Melee: Unarmed           |    22 |    82 |   164 |   202 |   219 |   540 |   387 |   258 |  1269 ||  3143
Invok: Animate Remains   |       |       |     8 |       |       |       |       |       |       ||     8
       Animate Dead      |       |       |    11 |    21 |    27 |    25 |    61 |    62 |   180 ||   387
       Drain Life        |       |       |       |       |     3 |     6 |     5 |     1 |       ||    15
       Injury Mirror     |       |       |       |       |       |       |       |     1 |     4 ||     5
 Abil: Make oklob saplin |     1 |     3 |       |       |       |       |       |       |       ||     4
       Make plant        |       |     5 |     5 |    13 |       |       |    52 |       |       ||    75
       Make altar        |       |       |     1 |       |       |       |       |       |       ||     1
       Make ice statue   |       |       |       |     2 |     1 |     3 |     1 |       |       ||     7
       Make oklob plant  |       |       |       |       |    27 |    22 |    16 |       |     3 ||    68
       Make crystal stat |       |       |       |       |     3 |     6 |    11 |     5 |     7 ||    32
       Remove Curse      |       |       |       |       |     1 |       |       |     1 |     1 ||     3
       Make water        |       |       |       |       |       |       |    20 |       |    14 ||    34
       Make lightning sp |       |       |       |       |       |       |     5 |       |       ||     5
       Make silver statu |       |       |       |       |       |       |     9 |    10 |    13 ||    32
       Acquire gold      |       |       |       |       |       |       |     1 |       |     1 ||     2
       Make spear trap   |       |       |       |       |       |       |     1 |       |     1 ||     2
       Make bazaar       |       |       |       |       |       |       |     1 |     1 |    18 ||    20
       Make oklob circle |       |       |       |       |       |       |       |     7 |    53 ||    60
       Make blade trap   |       |       |       |       |       |       |       |       |     4 ||     4
       Make curse skull  |       |       |       |       |       |       |       |       |     8 ||     8
       Zot-teleport      |       |       |       |       |       |       |       |       |     4 ||     4
       Acquirement       |       |       |       |       |       |       |       |       |     1 ||     1
Evoke: Wand              |       |       |       |       |     1 |       |       |       |    18 ||    19
       Stone of tremors  |       |       |       |       |       |       |       |       |     1 ||     1
  Use: Scroll            |       |       |       |     1 |       |       |       |       |     9 ||    10
       Potion            |       |       |       |       |     4 |       |     1 |       |     2 ||     7
 Stab: Distracted        |       |       |     1 |       |     3 |     8 |    14 |     8 |    33 ||    67
       Confused          |       |       |       |       |     3 |     5 |     4 |     3 |     4 ||    19
